 Dungeon Crawl Stone Soup version 0.20.0-7-g3b7b877 (webtiles) character file.

9 smedtjen the Firebug (level 1, 0/14 HPs)
             Began as a Demigod Fire Elementalist on May 29, 2017.
             Slain by a worker ant (5 damage)
             ... on level 1 of the Dungeon.
             The game lasted 00:03:57 (762 turns).

smedtjen the Firebug (Demigod Fire Elementalist)     Turns: 762, Time: 00:03:58

Health: 0/14       AC:  4    Str: 11    XL:     1   Next: 86%
Magic:  0/5        EV: 12    Int: 19    God:
Gold:   10         SH:  0    Dex: 16    Spells: 2/3 levels left

rFire    + . .     SeeInvis .   l - +0 dagger
rCold    . . .     Gourm    .   (no shield)
rNeg     . . .     Faith    .   d - +0 leather armour
rPois    .         Spirit   .   (no helmet)
rElec    .         Reflect  .   (no cloak)
rCorr    .         Harm     .   i - +0 pair of gloves
MR       .....                  (no boots)
Stlth    ++........             (no amulet)
Regen    0.1/turn               m - ring of protection from fire
MPRegen  0.1/turn               (no ring)

@: no status effects
A: high mp 1
a: no special abilities


You were on level 1 of the Dungeon.
You were not hungry.

You visited 1 branch of the dungeon, and saw 1 of its levels.

You collected 10 gold pieces.

Inventory:

Hand Weapons
 l - a +0 dagger (weapon)
Missiles
 g - 12 poisoned needles
 j - 18 bolts
 n - 10 stones (quivered)
Armour
 a - a +0 robe
 d - a +0 leather armour (worn)
 i - a +0 pair of gloves (worn)
Jewellery
 m - a ring of protection from fire (left hand)
Scrolls
 e - a scroll of identify {unknown}
 k - a scroll of teleportation {unknown}
Potions
 f - a potion of brilliance {unknown}
 h - a potion of flight {unknown}
 o - a potion of might {unknown}
Books
 b - a book of Flames

   Spells                             Type                      Level
   a - Flame Tongue                   Conjuration/Fire             1
   b - Throw Flame                    Conjuration/Fire             2
   c - Conjure Flame                  Conjuration/Fire             3
   d - Inner Flame                    Hexes/Fire                   3
   e - Sticky Flame                   Conjuration/Fire             4
   f - Fireball                       Conjuration/Fire             5
Comestibles
 c - a bread ration
 p - a chunk of flesh


   Skills:
 + Level 2.0 Dodging
 + Level 2.0 Stealth
 + Level 1.9 Spellcasting
 + Level 0.8 Conjurations
 + Level 2.8 Fire Magic


You had 2 spell levels left.
You knew the following spells:

 Your Spells              Type           Power        Failure   Level  Hunger
a - Flame Tongue          Conj/Fire      #....        11%         1    #......


Dungeon Overview and Level Annotations

Branches:
Dungeon (1/15)


Innate Abilities, Weirdness & Mutations

You have an increased reservoir of magic. (+10% MP)


Message History

The worker ant is lightly wounded.
The worker ant barely misses you.
Casting: Flame Tongue
Confirm with . or Enter, or press ? or * to list all spells.
You don't have enough magic to cast that spell.
Unknown command.
Your magical contamination has completely faded away.
The worker ant bites you.
Casting: Flame Tongue
Confirm with . or Enter, or press ? or * to list all spells.
Aiming: Flame Tongue
Press: ? - help, Shift-Dir - straight line, f/p - worker ant
Aim: a worker ant (lightly wounded)
The flame tongue hits the worker ant.
The worker ant is moderately wounded.
The worker ant bites you.
You barely miss the worker ant.
The worker ant is moderately wounded.
The worker ant bites you.
You die...

###########.##...##
.......)....#8...8# ...##.
##############...## .......
###.#### #####...# .....#..
.##....###..##...## ......?
...........##8...8# .....#
.##.##########...#### ####....#
###...# ###8##...##8###8#)....#
.##.#...........@a............#
..#.#..........⌠............###
#.#.# .............(....)...#
#...# #8###8##...##8###8#...#
#...# ## ## #...#### ###...#
..#..# #8...8 .........# ####.#
##...# .........# ## ..# #...#
#........# .# #... #........#


You could see a worker ant.

Vanquished Creatures
  2 goblins (D:1)
  2 bats (D:1)
  5 kobolds (D:1)
9 creatures vanquished.

Notes
Turn   | Place    | Note
-------+----------+-------------------------------------------
     0 | D:1      | smedtjen the Demigod Fire Elementalist began the quest for the Orb.
     0 | D:1      | Reached XP level 1. HP: 14/14 MP: 5/5
   745 | D:1      | Noticed a worker ant
   762 | D:1      | Slain by a worker ant

Skill      XL: |  1 |
---------------+----+-----
Dodging        | 2 |  2.0
Stealth        | 2 |  2.0
Spellcasting   | |  1.9
Conjurations   | |  0.8
Fire Magic     | |  2.8

Action                   || total
-------------------------++-------
Melee: Dagger            ||     8
 Cast: Flame Tongue      ||    14
Armor: Leather armour    ||     4
Dodge: Dodged            ||    22
